 Dungeon Crawl Stone Soup version 0.20-a0-800-g4a616ed (webtiles) character file.

1295 Espgualade the Skirmisher (level 8, -2/49 HPs)
             Began as a Tengu Ice Elementalist on Mar 2, 2017.
             Was an Initiate of Vehumet.
             Slain by an orc warrior
             ... wielding a +0 trident
              (17 damage)
             ... on level 7 of the Dungeon.
             The game lasted 00:26:05 (6328 turns).

Espgualade the Skirmisher (Tengu Ice Elementalist)  Turns: 6328, Time: 00:26:05

Health: -2/49      AC:  9    Str: 10    XL:     8   Next: 56%
Magic:  0/16       EV: 14    Int: 17    God:    Vehumet [......]
Gold:   373        SH:  0    Dex: 14    Spells: 7/17 levels left

rFire    . . .     SeeInvis .   l - -2 whip (curse)
rCold    . . .     Gourm    .   a - +0 robe
rNeg     . . .     Faith    .   (no shield)
rPois    .         Spirit   .   (helmet restricted)
rElec    .         Reflect  .   (no cloak)
rCorr    .         Harm     .   j - +1 pair of gloves
MR       .....                  (boots unavailable)
Stlth    ++........             x - amulet of inaccuracy (curse)
Regen    0.2/turn               (no ring)
MPRegen  0.2/turn               n - ring of loudness (curse)

@: icy armour, slow
A: beak, talons 3, able to fly 1
a: Fly, Renounce Religion


You were on level 7 of the Dungeon.
You worshipped Vehumet.
Vehumet was noncommittal.
You were not hungry.

You visited 2 branches of the dungeon, and saw 8 of its levels.

You collected 373 gold pieces.

Inventory:

Hand Weapons
 k - a cursed -1 dagger
 l - a cursed -2 whip (weapon)
 z - a +2 dagger of freezing
Armour
 a - a +0 robe (worn)
 j - a +1 pair of gloves (worn)
Jewellery
 n - a cursed ring of loudness (left hand)
 x - a cursed amulet of inaccuracy (around neck)
Wands
 v - a wand of confusion (30/48)
Scrolls
 e - a scroll of magic mapping
 h - a scroll of noise
 i - 8 scrolls of identify
 o - 2 scrolls of teleportation
Potions
 f - a potion of mutation
 g - a potion of invisibility
 r - a potion of heal wounds
 s - 2 potions of brilliance
 t - 2 potions of degeneration
 w - a potion of berserk rage
Books
 b - a book of Frost

   Spells                             Type                      Level
   a - Freeze                         Ice                          1
   b - Throw Frost                    Conjuration/Ice              2
   c - Ozocubu's Armour               Charms/Ice                   3
   d - Throw Icicle                   Conjuration/Ice              4
   e - Summon Ice Beast               Ice/Summoning                4
 u - a book of Conjurations

   Spells                             Type                      Level
   a - Magic Dart                     Conjuration                  1
   b - Searing Ray                    Conjuration                  2
   c - Dazzling Spray                 Conjuration/Hexes            3
   d - Fulminant Prism                Conjuration/Hexes            4
   e - Force Lance                    Conjuration/Translocation    4
   f - Iskenderun's Mystic Blast      Conjuration                  4
Comestibles
 c - 5 bread rations
 d - 3 royal jellies
 m - 2 fruits
 q - a meat ration


   Skills:
 - Level 5.3 Fighting
 - Level 4.4 Dodging
 - Level 4.1 Stealth
 - Level 5.1 Spellcasting
 - Level 4.3 Conjurations
 + Level 3.7 Ice Magic


You had 7 spell levels left.
You knew the following spells:

 Your Spells              Type           Power        Failure   Level  Hunger
a - Freeze                Ice            ###.         2%          1    None
b - Throw Frost           Conj/Ice       ###...       4%          2    #......
c - Ozocubu's Armour      Chrm/Ice       ##......     21%         3    ###....
d - Throw Icicle          Conj/Ice       ###.....     30%         4    ####...


Dungeon Overview and Level Annotations

Branches:
Dungeon (7/15)             Temple (1/1) D:4

Altars:
Ashenzari
Cheibriados
Dithmenos
Elyvilon
Fedhas
Gozag
Hepliaklqana
Kikubaaqudgha
Makhleb
Nemelex Xobeh
Okawaru
Qazlal
Ru
Sif Muna
Trog
Uskayaw
Vehumet
Yredelemnul
Zin
The Shining One

Shops:
D:6 %

Annotations:
D:6 Menkaure, Sigmund


Innate Abilities, Weirdness & Mutations

You have a beak for a mouth.
You have claws for feet.
You can fly.


Message History

The orc warrior hits you with a trident.
An ogre comes into view. It is wielding a giant spiked club.
Casting: Freeze
Confirm with . or Enter, or press ? or * to list all spells.
Aiming: Freeze
Press: ? - help, Shift-Dir - straight line, f/p - orc warrior
Aim: an orc warrior, wielding a trident and wearing a plate armour (severely wounded)
You freeze the orc warrior.
The orc warrior is almost dead.
The ogre shouts!
The orc warrior closely misses you.
Casting: Freeze
Confirm with . or Enter, or press ? or * to list all spells.
Aiming: Freeze
Press: ? - help, Shift-Dir - straight line, f/p - orc warrior
Aim: an orc warrior, wielding a trident and wearing a plate armour (almost dead)
You freeze the orc warrior.
The orc warrior is almost dead.
The orc warrior hits you with a trident!
You die...

#.......o..........
#..................
#..................
####.............>.
###....<.........
#.............S..
##..[......#.###..
##............o....
#<@o........#.#.(..
#..<..............#
#(..........#...###
#.............####
#..................##
#..............###..J
#..O...........# ####
#..............#
#..............#


You could see an orc warrior and an ogre.

Vanquished Creatures
  Prince Ribbit (D:7)
  Eustachio (D:6)
  A water moccasin (D:6)
  A sky beast (D:7)
  A bullfrog (D:6)
  2 crimson imps
  An orc priest (D:5)
  A jelly (D:7)
  4 orc wizards
  Ijyb (D:2)
  5 worker ants
  A hound skeleton (D:5)
  A howler monkey skeleton (D:6)
  4 gnolls (D:3)
  14 adders
  2 worms (D:3)
  3 dart slugs
  5 leopard geckos
  8 orcs
  2 ball pythons
  5 giant cockroaches
  9 goblins
  8 hobgoblins
  10 jackals
  A quokka (D:3)
  9 bats
  3 frilled lizards
  8 kobolds
  2 quokka skeletons
  9 rats
123 creatures vanquished.

Notes
Turn   | Place    | Note
-------+----------+-------------------------------------------
     0 | D:1      | Espgualade the Tengu Ice Elementalist began the quest for the Orb.
     0 | D:1      | Reached XP level 1. HP: 10/10 MP: 4/4
    84 | D:1      | Reached skill level 1 in Fighting
   109 | D:1      | Reached XP level 2. HP: 8/16 MP: 1/6
   684 | D:1      | Reached XP level 3. HP: 21/22 MP: 2/7
  1035 | D:1      | Learned a level 2 spell: Throw Frost
  1039 | D:1      | Learned a level 3 spell: Ozocubu's Armour
  1242 | D:2      | Noticed Ijyb
  1286 | D:2      | Killed Ijyb
  1286 | D:2      | Reached XP level 4. HP: 27/29 MP: 0/8
  1833 | D:3      | Gained mutation: You can fly. [Tengu growth]
  1833 | D:3      | Reached XP level 5. HP: 28/34 MP: 1/9
  2420 | D:3      | Reached skill level 5 in Fighting
  2421 | D:3      | Found an ancient bone altar of Kikubaaqudgha.
  2543 | D:3      | Found a snail-covered altar of Cheibriados.
  2545 | D:3      | Found a shadowy altar of Dithmenos.
  3014 | D:3      | Reached XP level 6. HP: 33/40 MP: 3/10
  3576 | D:4      | Noticed a phantom
  3593 | D:5      | Entered Level 5 of the Dungeon
  3675 | D:5      | Noticed an ice beast
  4180 | D:4      | Found a staircase to the Ecumenical Temple.
  4189 | Temple   | Entered the Ecumenical Temple
  4207 | Temple   | Became a worshipper of Vehumet
  4600 | D:5      | Found a sparkling altar of Nemelex Xobeh.
  4601 | D:5      | Found an opulent altar of Gozag.
  4763 | D:5      | Reached XP level 7. HP: 42/44 MP: 5/11
  5131 | D:5      | Learned a level 4 spell: Throw Icicle
  5203 | D:6      | Noticed Menkaure
  5228 | D:6      | Found Koll's Food Shoppe.
  5239 | D:6      | Noticed Eustachio
  5254 | D:6      | Found a stormy altar of Qazlal.
  5283 | D:6      | Killed Eustachio
  5543 | D:6      | Reached XP level 8. HP: 19/49 MP: 5/15
  5571 | D:6      | Noticed Sigmund
  5836 | D:7      | Noticed Prince Ribbit
  5875 | D:7      | Killed Prince Ribbit
  5875 | D:7      | Reached skill level 5 in Spellcasting
  6328 | D:7      | Slain by an orc warrior

Vault maps used:
D:1:      dpeg_arrival_another_circle
D:2:      uniq_iyjb
D:3:      grunt_temple_overflow_open, serial_bayou_ford_a, minmay_vboxes
D:4:      lemuel_temple_firewalk_b
D:5:      grunt_temple_overflow_opulence, first_bread
D:6:      grunt_qazlal_clouds, serial_shops, shop_fountains,
          lemuel_old_faithful, uniq_eustachio, uniq_sigmund, uniq_menkaure
D:7:      uniq_prince_ribbit1
Temple:   zaba_magenta_temple

Skill      XL: |  1  2  3  4  5  6  7  8 |
---------------+-------------------------+-----
Fighting       | 1 2 3 4 5 |  5.3
Dodging        | 4 |  4.4
Conjurations   | 2 4 |  4.3
Stealth        | 4 |  4.1
Spellcasting   | 4 5 |  5.1
Ice Magic      | 3 |  3.7

Action                   |  1- 3 |  4- 6 |  7- 9 || total
-------------------------+-------+-------+-------++-------
Melee: Dagger            |    85 |   154 |    56 ||   295
       Peck              |    12 |    27 |     5 ||    44
       Unarmed           |     1 |       |       ||     1
       Kick              |    10 |    33 |    10 ||    53
       Whip              |       |       |     1 ||     1
 Cast: Freeze            |    35 |   123 |    44 ||   202
       Ozocubu's Armour  |     1 |     1 |     2 ||     4
       Throw Frost       |       |    10 |    24 ||    34
Evoke: Wand              |       |       |     1 ||     1
  Use: Potion            |     1 |     2 |     1 ||     4
       Scroll            |       |    13 |     4 ||    17
 Stab: Sleeping          |     4 |     5 |     5 ||    14
       Distracted        |       |       |     1 ||     1
  Eat: Chunk             |     2 |     9 |     2 ||    13
       Fruit             |       |     1 |       ||     1
       Bread ration      |       |     1 |     1 ||     2
Armor: Robe              |    51 |    46 |    26 ||   123
Dodge: Dodged            |    92 |   164 |    75 ||   331
